 Dungeon Crawl Stone Soup version 0.30-a0-937-ga0a21ad780 (webtiles) character file.

Game seed: 12378577998875957730

133 demibob the Slasher (level 4, -5/35 HPs)
             Began as a Demonspawn Berserker on Mar 25, 2023.
             Was a Believer of Trog.
             Killed from afar by Grinder (10 damage)
             ... with a bolt of dispelling energy
             ... on level 3 of the Dungeon.
             The game lasted 00:03:14 (1907 turns).

demibob the Slasher (Demonspawn Berserker)          Turns: 1907, Time: 00:03:14

Health: -5/35      AC:  7    Str: 21    XL:     4   Next: 93%
Magic:  4/4        EV: 12    Int: 10    God:    Trog [**....]
Gold:   81         SH:  0    Dex: 13    Spells: 3/3 levels left

rFire   . . .      SeeInvis .    a - +0 falchion
rCold   . . .      Faith    .    (no shield)
rNeg    . . .      Spirit   .    b - +0 animal skin
rPois   +          Reflect  .    (no helmet)
rElec   +          Rampage  .    l - +2 cloak
rCorr   .                        e - +1 pair of gloves of Resilience {rElec Str+2 Int+2 Stlth+}
Will    .....                    (no boots)
Stlth   ++                       (no amulet)
HPRegen 0.25/turn                P - ring of poison resistance
MPRegen 0.09/turn                (no ring)

@: on berserk cooldown, slowed, very slow
A: demonic touch 1
a: Renounce Religion, Berserk, Trog's Hand


You were on level 3 of the Dungeon.
You worshipped Trog.
Trog was pleased with you.
You visited 1 branch of the dungeon, and saw 3 of its levels.

You collected 103 gold pieces.
You spent 22 gold pieces at shops.


Innate Abilities, Weirdness & Mutations

Your touch may inflict minor irresistible damage on your foes.


   Skills:
 - Level 3.0 Fighting
 + Level 5.2 Long Blades
 - Level 1.7 Armour
 - Level 1.7 Dodging


You had 3 spell levels left.
You didn't know any spells.
Your spell library was empty.

Inventory:

Hand Weapons
 a - a +0 falchion (weapon)
Armour
 b - a +0 animal skin (worn)
 e - the +1 pair of gloves of Resilience (worn) {rElec Str+2 Int+2 Stlth+}
   (You found it on level 3 of the Dungeon)

   Str:       It affects your strength (+2).
   Int:       It affects your intelligence (+2).
   rElec:     It insulates you from electricity.
   Stlth:     It makes you more stealthy.
 l - a +2 cloak (worn)
Jewellery
 h - an amulet of magic regeneration
 P - a ring of poison resistance (left hand)
Scrolls
 f - a scroll of identify {@r1}
Potions
 d - a potion of brilliance {unknown}
 g - a potion of might {unknown}
 i - a potion of haste {@q3}
 j - a potion of berserk rage {unknown}
 k - a potion of mutation {unknown}

Dungeon Overview and Level Annotations

Branches:
Dungeon (3/15)

Altars:
Ashenzari
Uskayaw
Wu Jian

Shops:
D:1 [   D:2 ?

Annotations:
D:3 Grinder

#. #.##### #
#..#.. .# #..#.#
#.# #....P...
#..#.#.# #..#5P.#
#.####.)#.#.#.#.
#....@.5.P.....PP
######..#.#.#P#.#
#..#...#
#.##########
#...........
#.#..########
#.##.........
#.##.########
########## #.##.#


You could see Grinder.


Message History

You feel your anger nearly subside.
Unknown command.
You are no longer berserk.
You are exhausted.
You feel yourself slow down. Grinder hits you.
You writhe in agony.
You closely miss Grinder. Grinder misses you. Grinder hits you!
* * * LOW HITPOINT WARNING * * *
You writhe in agony.
* * * LOW HITPOINT WARNING * * *
Unknown command.
Okay, then.
You feel better. Grinder hits you.
You writhe in agony.
* * * LOW HITPOINT WARNING * * *
Grinder attacks as you move away! Grinder misses you. Grinder gestures at you.
You barely resist.
Grinder zaps a wand.
The bolt of dispelling energy misses you.
Things that are here:
a +0 dagger; a kobold corpse Grinder gestures at you.
Pain shoots through your body!
* * * LOW HITPOINT WARNING * * *
There is a stone staircase leading down here.
Grinder zaps a wand.
The bolt of dispelling energy misses you.
Grinder zaps a wand.
The bolt of dispelling energy hits you!
Your magical effects are unravelling.
You die...

Skill      XL: |  1  2  3  4 |
---------------+-------------+-----
Long Blades    | 3 4 5 |  5.2
Fighting       | |  3.0
Armour         | |  1.7
Dodging        | |  1.7

Action                     |  1- 3 |  4- 6 || total
---------------------------+-------+-------++-------
  Melee: Falchion          |    77 |    26 ||   103
         Punch             |     1 |       ||     1
         Touch             |     9 |     8 ||    17
 Invoke: Berserk           |     2 |     1 ||     3
    Use: Scroll            |     4 |     3 ||     7
         Potion            |       |     1 ||     1
   Stab: Sleeping          |     3 |     3 ||     6
 Armour: Animal skin       |    19 |     6 ||    25
  Dodge: Dodged            |    58 |    19 ||    77

Levels and vault maps discovered:
D:1:      psy_arrival_conway, layout_loops_ring, serial_shops, shop_statue,
          minmay_cut_off
D:2:      layout_basic, serial_shops, nicolae_diamond_shop,
          corexii_leaking_fountain, grunt_ministairs_7, uniq_crazy_yiuf_cottage
D:3:      layout_loops_ring, nicolae_ashenzari_skybound,
          mainiacjoe_overflow_surrounded_room,
          mainiacjoe_overflow_small_starburst,
          shapermc_ecumenical_altar_mp_urbaneastern, kennysheep_nub,
          chequers_mini_garden, st_stairs_4, corexii_item_surrounded_by_moat,
          eino_tiny_chamber, minmay_misc_feat_diagonals, uniq_grinder

Notes
Turn   | Place    | Note
-------+----------+-------------------------------------------
     0 | D:1      | demibob the Demonspawn Berserker began the quest for the
                  | Orb.
     0 | D:1      | Reached XP level 1. HP: 18/18 MP: 1/1
    83 | D:1      | Reached skill level 3 in Long Blades
   167 | D:1      | Gained mutation: Your touch may inflict minor irresistible
                  | damage on your foes. [demonic ancestry]
   167 | D:1      | Reached XP level 2. HP: 17/24 MP: 2/2
   345 | D:1      | Found Vouz's Armour Shop.
   699 | D:2      | Reached XP level 3. HP: 24/29 MP: 3/3
   806 | D:2      | Reached skill level 4 in Long Blades
   966 | D:2      | Found Xigiyps's Magic Scroll Emporium.
   978 | D:2      | Bought a scroll of identify for 22 gold pieces
  1051 | D:2      | Reached ** piety under Trog
  1143 | D:2      | Found a runed translucent door.
  1144 | D:2      | Noticed Crazy Yiuf
  1379 | D:2      | Killed Crazy Yiuf
  1380 | D:2      | Reached XP level 4. HP: 35/35 MP: 4/4
  1477 | D:3      | Reached skill level 5 in Long Blades
  1491 | D:3      | Found an ornate altar of the Wu Jian Council.
  1510 | D:3      | Identified the +1 pair of gloves of Resilience {rElec Str+2
                  | Int+2 Stlth+}
  1560 | D:3      | Found a hide-covered altar of Uskayaw.
  1797 | D:3      | Found a broken altar of Ashenzari.
  1873 | D:3      | Noticed Grinder
  1907 | D:3      | Killed from afar by Grinder

Vanquished Creatures
  Crazy Yiuf (D:2)
  An iguana (D:3)
  3 adders (D:2)
  2 worms
  2 dart slugs
  2 orcs (D:3)
  4 endoplasms (D:1)
  A giant cockroach (D:1)
  2 goblins
  3 hobgoblins
  5 jackals (D:2)
  5 ball pythons
  3 bats
  A frilled lizard (D:1)
  4 kobolds
  7 rats
46 creatures vanquished.

Vanquished Creatures (others)
  2 fungi (D:3)
  2 plants (D:3)
4 creatures vanquished.

Grand Total: 50 creatures vanquished

Table legend: (Time is in decaauts)
 A = Elapsed time spent in this place.
 B = Non-inter-level travel time spent in this place.
 C = Inter-level travel time spent in this place.
 D = Time resting spent in this place.
 E = Time spent auto-exploring this place.
 F = Levels seen in this place.
 G = Mean time per level.
                   A        B        C        D        E       F      G
               +--------+--------+--------+--------+--------+-----+--------+
         Total |   1938 |   1863 |     75 |     53 |   1456 |   3 |  646.0 |
       Dungeon |   1938 |   1863 |     75 |     53 |   1456 |   3 |  646.0 |
               +--------+--------+--------+--------+--------+-----+--------+

Top non-repeatable levels by time:
     D:2: 772 daAuts
     D:1: 695 daAuts
     D:3: 470 daAuts

Table legend:
 A = Non-vault XP
 B = Vault XP
 C = Vault XP percentage of total XP
 D = Non-vault monster count
 E = Vault monster count
 F = Vault count percentage of total count
                 A         B        C        D         E       F
            +---------+---------+-------+---------+---------+-------
      Total |     131 |      59 |  31.1 |      40 |       6 |  13.0
            +---------+---------+-------+---------+---------+-------
        D:1 |      27 |       1 |   3.6 |      18 |       1 |   5.3
        D:2 |      50 |      57 |  53.3 |      13 |       4 |  23.5
        D:3 |      54 |       1 |   1.8 |       9 |       1 |  10.0
            +---------+---------+-------+---------+---------+-------
